 Dungeon Crawl Stone Soup version 0.24.0-13-gcf9b3192b9 (webtiles) character file.

Game seed: 5217585186762136196, levelgen mode: deterministic

159 Delamore the Chopper (level 5, -4/45 HPs)
             Began as a Hill Orc Fighter on Nov 8, 2019.
             Slain by a river rat (8 damage)
             ... in a sewer.
             The game lasted 00:03:17 (1900 turns).

Delamore the Chopper (Hill Orc Fighter)             Turns: 1900, Time: 00:03:18

Health: -4/45      AC:  9    Str: 27    XL:     5   Next: 40%
Magic:  5/5        EV:  7    Int:  8    God:
Gold:   93         SH: 10    Dex: 10    Spells: 4/4 levels left

rFire    . . .     SeeInvis .   a - +0 war axe
rCold    . . .     Gourm    .   c - +0 shield
rNeg     . . .     Faith    .   b - +0 scale mail
rPois    .         Spirit   .   (no helmet)
rElec    .         Reflect  .   (no cloak)
rCorr    .         Harm     .   m - +0 pair of gloves
MR       .....                  h - +0 pair of boots
Stlth    ..........             (no amulet)
HPRegen  0.15/turn              (no ring)
MPRegen  0.09/turn              (no ring)

@: mighty, very slow
A: blurry vision 1, strong 1, evolution 1
a: no special abilities


You were in a sewer.
You were hungry.

You visited 1 branch of the dungeon, and saw 3 of its levels.
You also visited: Sewer.

You collected 93 gold pieces.

Inventory:

Hand Weapons
 a - a +0 war axe (weapon)
Missiles
 l - 6 poisoned darts (quivered)
Armour
 b - a +0 scale mail (worn)
 c - a +0 shield (worn)
 h - a +0 pair of boots (worn)
 m - a +0 pair of gloves (worn)
Jewellery
 j - an uncursed ring of fire
Scrolls
 e - 2 scrolls of identify
 g - a scroll of fear {unknown}
 i - a scroll of teleportation {unknown}
 o - 2 scrolls of fog {unknown}
 p - a scroll of magic mapping {unknown}
 q - a scroll of remove curse {unknown}
 r - a scroll of enchant weapon {unknown}
Potions
 k - 2 potions of mutation
 n - a potion of curing
Comestibles
 f - 8 rations
 s - 6 chunks of flesh


   Skills:
 - Level 3.6 Fighting
 + Level 7.1 Axes
 - Level 3.2 Armour
 + Level 0.4 Stealth
 - Level 3.2 Shields


You had 4 spell levels left.
You didn't know any spells.
Your spell library was empty.

Dungeon Overview and Level Annotations

Branches:
Dungeon (3/15)              Sewer (1/1)

Altars:
Fedhas


Innate Abilities, Weirdness & Mutations

Scrolls take you a little longer to read.
Your muscles are strong. (Str +2)
You evolve.


Message History

The river rat bites you but does no damage.
You block the river rat's attack. You block the rat's attack.
You block the river rat's attack.
Your unstable footing causes you to fumble your attack.
The river rat bites you but does no damage.
The river rat bites you.
* * * LOW HITPOINT WARNING * * *
The rat bites you but does no damage. You block the river rat's attack.
The river rat bites you but does no damage.
Unknown command.
Your unstable footing causes you to fumble your attack.
The river rat barely misses you. You block the rat's attack.
The river rat bites you but does no damage.
The river rat bites you.
* * * LOW HITPOINT WARNING * * *
You feel very mighty all of a sudden. The river rat bites you.
* * * LOW HITPOINT WARNING * * *
You block the rat's attack. The river rat bites you!
You die...

###################
###.#≈≈≈≈≈≈.≈r≈≈≈≈≈≈#..
##....≈≈≈≈≈≈≈≈@r≈≈≈≈≈≈..
#....≈≈≈≈≈≈≈#≈rr≈≈≈≈≈≈..
#....≈≈≈≈≈≈≈≈≈≈≈≈≈≈≈≈...
##.....≈≈≈≈≈≈≈≈≈≈≈≈≈≈≈...
#.....#≈≈≈≈≈≈≈≈≈≈≈≈≈≈≈..#
#....####################
##...## #...## #...#


You could see 3 river rats and a rat.

Vanquished Creatures
  Terence (D:2)
  A gnoll (D:1)
  2 adders
  3 river rats (Sewer)
  2 oozes (D:1)
  5 worms
  2 dart slugs
  2 leopard geckos (D:2)
  3 giant cockroaches
  5 goblins
  6 hobgoblins
  9 kobolds
  2 ball pythons
  3 bats
  4 frilled lizards
  10 rats
60 creatures vanquished.

Notes
Turn   | Place    | Note
-------+----------+-------------------------------------------
     0 | D:1      | Delamore the Hill Orc Fighter began the quest for the Orb.
     0 | D:1      | Reached XP level 1. HP: 19/19 MP: 1/1
     7 | D:1      | Reached skill level 3 in Axes
    34 | D:1      | Reached XP level 2. HP: 23/26 MP: 2/2
    48 | D:1      | Reached skill level 4 in Axes
   275 | D:1      | Reached XP level 3. HP: 26/31 MP: 3/3
   502 | D:1      | Reached skill level 5 in Axes
   728 | D:2      | Noticed Terence
   737 | D:2      | Killed Terence
   737 | D:2      | Reached XP level 4. HP: 35/39 MP: 4/4
   822 | D:2      | Reached skill level 6 in Axes
  1234 | D:2      | Found a blossoming altar of Fedhas.
  1515 | D:3      | Found a glowing drain.
  1532 | D:3      | Reached XP level 5. HP: 26/45 MP: 5/5
  1645 | Sewer    | Entered a sewer
  1698 | Sewer    | Gained mutation: Scrolls take you a little longer to read.
                  | [potion of mutation]
  1698 | Sewer    | Gained mutation: Your muscles are strong. (Str +2) [potion
                  | of mutation]
  1698 | Sewer    | Gained mutation: You evolve. [potion of mutation]
  1890 | Sewer    | Reached skill level 7 in Axes
  1900 | Sewer    | Slain by a river rat

Levels and vault maps discovered:
D:1:      erik_arrival_gehennom, layout_basic
D:2:      layout_loops_ring, fedhas_ov_isle_minmay, uniq_terence
D:3:      layout_rooms, cheibrodos_sewer_entry_bend, grunt_ministairs_7,
          kennysheep_doodads, minmay_cupped, uniq_grinder, uniq_ijyb
Sewer:    sewer_minmay_w

Skill      XL: |  1  2  3  4  5 |
---------------+----------------+-----
Axes           | 3 4 5 6 7 |  7.1
Fighting       | |  3.6
Armour         | |  3.2
Stealth        | |  0.4
Shields        | |  3.2

Action                   |  1- 3 |  4- 6 || total
-------------------------+-------+-------++-------
Melee: War axe           |    75 |   107 ||   182
  Use: Scroll            |       |     2 ||     2
       Potion            |       |     2 ||     2
  Eat: Chunk             |       |     3 ||     3
Armor: Scale mail        |    43 |    60 ||   103
Dodge: Dodged            |    17 |    32 ||    49
Block: Shield            |    49 |    54 ||   103
